Map: Catallena EC (Void)

Players

RickBruiser - Winner!

  • Race: Terran Terran
  • League: Gold
  • Spawn Location: 5:00

zidar

  • Race: Zerg Zerg
  • League: Gold
  • Spawn Location: 12:00

VOD

Have the link to the VOD?

Description

Time

  • Played on: Sept. 4, 2017, 11:55 a.m.
  • Length: 12:50
Show
View Real Time Build Order
Export as new Build Order

RickBruiser Terran - Winner!

Build Orders:  

Get SALT Encoding   

  12  0:01  SCV  
  13  0:13  SCV  
  14  0:18  Supply Depot  
  14  0:25  SCV  
  15  0:40  SCV  
  15  0:42  Barracks  
  16  0:52  Refinery, SCV  
  18  1:04  SCV  
  18  1:16  SCV  
  19  1:28  SCV  
  20  1:34  Command Center  
  20  1:38  Reaper  
  21  1:47  Orbital Command  
  21  1:56  Supply Depot  
  21  2:08  Barracks  
  21  2:10  Marine  
  22  2:15  SCV  
  23  2:28  Marine, Refinery  
  23  2:29  SCV  
  25  2:41  SCV  
  26  2:47  Barracks Reactor  
  26  2:53  Factory, SCV  
  28  3:19  Barracks Tech Lab, Supply Depot  
  27  3:26  Marine  
  27  3:27  Marine  
  29  3:36  Barracks  
  29  3:38  Orbital Command  
  29  3:42  SCV  
  29  3:46  Marine  
  29  3:47  Marine  
  32  3:51  Marauder  
  32  3:54  SCV  
  32  3:55  Factory Reactor  
  35  4:03  Starport  
  35  4:04  Marine x2  
  35  4:06  SCV  
  35  4:08  Stimpack  
  38  4:12  Marauder  
  40  4:23  Marine x2  
  40  4:24  Supply Depot  
  42  4:32  Marine  
  42  4:33  Marine  
  42  4:36  SCV  
  45  4:44  SCV  
  48  4:47  Widow Mine  
  48  4:48  SCV  
  48  4:50  Supply Depot  
  48  4:51  Marauder  
  51  4:54  Starport Reactor  
  51  4:56  Marine, SCV  
  51  4:57  Marine x2  
  55  5:00  SCV  
  55  5:08  SCV  
  55  5:12  Marine, SCV  
  58  5:14  Marine  
  58  5:20  SCV  
  60  5:26  Marine x2  
  62  5:30  Marine  
  62  5:31  SCV  
  62  5:32  Marine  
  61  5:44  Marine x2  
  61  5:48  Marine  
  61  5:50  Marine  
  61  5:52  Supply Depot x2  
  58  6:02  Marine x2  
  59  6:04  SCV  
  59  6:06  Medivac  
  62  6:13  Marine x2, Medivac  
  62  6:16  SCV  
  67  6:19  Marine  
  67  6:20  Marine  
  67  6:23  Supply Depot  
  69  6:26  SCV  
  69  6:28  SCV  
  69  6:31  Marine x2  
  73  6:37  Marine x2  
  74  6:42  Medivac  
  76  6:49  Marine x2  
  78  6:55  Marine x2  
  73  7:06  Marine  
  73  7:07  Marauder  
  74  7:09  Cyclone  
  74  7:10  Cyclone  
  74  7:13  Marine x2  
  82  7:20  Barracks  
  82  7:22  Barracks  
  82  7:23  Barracks  
  82  7:24  Marine  
  82  7:27  SCV  
  82  7:28  Marauder  
  86  7:35  Supply Depot  
  86  7:37  Marine x2, Supply Depot  
  88  7:50  Marauder, SCV x2  
  92  8:02  SCV  
  92  8:04  Marine x2  
  95  8:07  Command Center  
  95  8:11  Marauder  
  89  8:22  Marine  
  89  8:26  SCV x2  
  91  8:28  Barracks Tech Lab  
  91  8:29  Barracks Tech Lab  
  91  8:30  Barracks Reactor  
  91  8:33  Marauder, Barracks Reactor  
  92  8:38  SCV x2  
  94  8:43  Engineering Bay  
  94  8:46  Armory, Engineering Bay  
  94  8:50  SCV x2  
  94  8:54  Marauder  
  97  8:58  Marine  
  97  8:59  Marine  
  97  9:02  SCV x2  
  101  9:13  Marine x3  
  101  9:14  Marine x3, SCV  
  101  9:15  Marauder  
  99  9:29  Marine  
  100  9:32  Marauder x2  
  100  9:33  SCV x2  
  100  9:37  Marauder  
  108  9:42  Missile Turret  
  108  9:43  SCV  
  108  9:45  SCV x2  
  110  9:49  Terran Infantry Weapons Level 1  
  111  9:55  SCV  
  111  9:57  SCV x2  
  114  10:02  Missile Turret  
  114  10:07  SCV  
  114  10:11  Marine x3  
  114  10:12  Marine  
  114  10:13  Marauder x2  
  117  10:22  Marine  
  117  10:23  Marine x2  
  120  10:29  Marine x3  
  120  10:30  Medivac  
  125  10:36  Supply Depot  
  125  10:37  Supply Depot  
  125  10:51  Hellbat  
  125  10:52  SCV x2  
  125  10:58  Marauder x3, Medivac  
  125  10:59  Hellbat  
  125  11:01  Supply Depot  
  109  11:19  Marauder  
  109  11:20  Marauder  
  113  11:27  Marine x2  
  113  11:28  Marauder  
  113  11:30  Marine  
  118  11:37  Marine  
  118  11:38  Barracks  
  119  11:40  Barracks  
  119  11:41  Marauder x2  
  123  11:49  Marine x3, Marauder  
  128  12:01  Marine x3  
  128  12:02  Marauder x2  
  131  12:11  Marauder  
  129  12:19  Marine x3  
  130  12:24  Marauder x2  
  130  12:28  Marine x2  
Show
View Real Time Build Order
Export as new Build Order

zidar Zerg 

Build Orders: Pool First 

Get SALT Encoding   

  12  0:01  Drone  
  13  0:12  Overlord  
  13  0:17  Drone  
  14  0:31  Drone x2  
  14  0:34  Drone  
  17  0:50  Spawning Pool  
  17  0:51  Drone  
  17  1:18  Hatchery  
  17  1:20  Drone  
  17  1:24  Extractor, Drone  
  17  1:37  Queen  
  19  1:43  Overlord  
  19  2:01  Drone  
  19  2:07  Drone  
  21  2:13  Queen  
  21  2:14  Drone  
  24  2:23  Metabolic Boost  
  24  2:26  Drone  
  24  2:29  Overlord  
  25  2:43  Zergling x6  
  28  2:59  Roach Warren  
  27  3:26  Drone x9  
  27  3:27  Drone x3  
  39  3:33  Extractor  
  38  3:56  Roach x3  
  38  3:59  Overlord x3  
  43  4:33  Roach x5, Hatchery  
  43  4:34  Roach x2  
  43  4:37  Ravager x2  
  58  4:39  Ravager  
  59  5:10  Overlord  
  59  5:14  Roach x4  
  42  6:10  Ravager  
  43  6:13  Roach x7  
  63  6:18  Roach x3  
  63  6:33  Extractor  
  63  6:34  Queen  
  59  6:53  Ravager x4  
  63  7:01  Roach x4  
  64  7:27  Drone x2  
  66  7:30  Overlord x5  
  66  7:49  Roach x13  
  92  8:07  Drone x9  
  93  8:29  Ravager x3  
  96  8:35  Roach  
  96  8:36  Roach x4  
  59  9:25  Roach  
  59  9:26  Roach x14  
  59  9:27  Roach  
  86  9:34  Roach x4  
  86  9:37  Roach  
  94  9:50  Ravager  
  94  9:51  Ravager  
  81  10:28  Roach x11  
  93  10:29  Roach  
  93  10:31  Ravager  
  106  10:40  Extractor  
  53  11:18  Roach  
  53  11:19  Roach x11  
  67  11:32  Roach x3  
  73  11:34  Queen  
  75  11:45  Ravager  
  74  11:49  Ravager x4  
  50  12:17  Roach  
  50  12:18  Roach x14  
Tags
 
Add a new tag
Caveats
  • Supply blocks, unpowered buildings, or Contaminate may cause inaccurate times.
  • Supply counts are checked every 10 seconds.